 Dungeon Crawl Stone Soup version 0.20.1-1-g8b1a95d (webtiles) character file.

6536 polve the Spear-Bearer (level 11, -7/77 HPs)
             Began as a Merfolk Skald on July 23, 2017.
             Was a Believer of Yredelemnul.
             Mangled by a white ugly thing (15 damage)
             ... on level 8 of the Dungeon.
             The game lasted 00:17:53 (10728 turns).

polve the Spear-Bearer (Merfolk Skald)             Turns: 10728, Time: 00:17:55

Health: -7/77      AC: 11    Str: 19    XL:     11   Next: 1%
Magic:  12/18      EV: 10    Int: 17    God:    Yredelemnul [**....]
Gold:   516        SH:  0    Dex: 14    Spells: 12/20 levels left

rFire    + . .     SeeInvis +   x - +0 trident
rCold    . . .     Gourm    .   (no shield)
rNeg     . . .     Faith    .   C - +3 chain mail {rF+}
rPois    .         Spirit   .   j - +1 helmet of the Snail {Regen+ Str+7 SInv Stlth-}
rElec    .         Reflect  .   O - scarf {cloud immunity}
rCorr    .         Harm     .   (no gloves)
MR       .....                  H - +0 pair of boots
Stlth    ..........             (no amulet)
Regen    0.7/turn               k - +4 ring of slaying
MPRegen  0.2/turn               r - ring of wizardry

@: infused
A: change form in water, swift swim, stealthy swim, clever 1, deformed body,
wild magic 1
a: Animate Remains, Recall Undead Slaves, Injury Mirror, Renounce Religion


You were on level 8 of the Dungeon.
You worshipped Yredelemnul.
Yredelemnul was pleased with you.
You were not hungry.

You visited 2 branches of the dungeon, and saw 10 of its levels.

You collected 516 gold pieces.

Inventory:

Hand Weapons
 x - a +0 trident (weapon)
Armour
 j - the +1 helmet of the Snail (worn) {Regen+ Str+7 SInv Stlth-}
   (You took it off Robin on level 3 of the Dungeon)

   It affects your strength (+7).
   It lets you see invisible.
   It increases your rate of regeneration.
   It makes you less stealthy.
 C - a +3 chain mail of fire resistance (worn)
 H - a +0 pair of boots (worn)
 K - a +0 leather armour of poison resistance
 O - a scarf of cloud immunity (worn)
Jewellery
 k - a +4 ring of slaying (left hand)
 r - a ring of wizardry (right hand)
Wands
 p - a wand of paralysis (8/24)
 B - a wand of disintegration (8/24)
Scrolls
 b - 5 scrolls of enchant armour
 e - 2 scrolls of remove curse
 l - 2 scrolls of magic mapping {unknown}
 v - 2 scrolls of fear
 w - 4 scrolls of immolation
 y - a scroll of recharging {unknown}
 A - a scroll of blinking {unknown}
 D - 2 scrolls of teleportation
 E - a scroll of fog {unknown}
 G - a scroll of noise {unknown}
 I - a scroll of amnesia {unknown}
Potions
 a - a potion of invisibility {unknown}
 f - 3 potions of flight
 h - 2 potions of haste {unknown}
 o - a potion of brilliance {unknown}
 t - 2 potions of agility {unknown}
 z - 4 potions of curing
 M - 2 potions of heal wounds {unknown}
Books
 c - a book of Battle

   Spells                             Type                      Level
   a - Infusion                       Charms                       1
   b - Shroud of Golubria             Charms/Translocation         2
   c - Song of Slaying                Charms                       2
   d - Spectral Weapon                Hexes/Charms                 3
   e - Regeneration                   Charms/Necromancy            3
 q - a book of Cantrips

   Spells                             Type                      Level
   a - Confusing Touch                Hexes                        1
   b - Animate Skeleton               Necromancy                   1
   c - Summon Small Mammal            Summoning                    1
   d - Apportation                    Translocation                1
 s - a book of Conjurations

   Spells                             Type                      Level
   a - Magic Dart                     Conjuration                  1
   b - Searing Ray                    Conjuration                  2
   c - Dazzling Spray                 Conjuration/Hexes            3
   d - Fulminant Prism                Conjuration/Hexes            4
   e - Force Lance                    Conjuration/Translocation    4
   f - Iskenderun's Mystic Blast      Conjuration                  4
 F - a book of Power

   Spells                             Type                      Level
   a - Iskenderun's Battlesphere      Conjuration/Charms           5
   b - Venom Bolt                     Conjuration/Poison           5
   c - Bolt of Magma                  Conjuration/Fire/Earth       5
   d - Iron Shot                      Conjuration/Earth            6
   e - Orb of Destruction             Conjuration                  7
   f - Spellforged Servitor           Conjuration/Summoning        7
 J - a book of Callings

   Spells                             Type                      Level
   a - Summon Small Mammal            Summoning                    1
   b - Call Imp                       Summoning                    2
   c - Call Canine Familiar           Summoning                    3
   d - Summon Guardian Golem          Hexes/Summoning              3
   e - Summon Lightning Spire         Summoning/Air                4
   f - Summon Ice Beast               Ice/Summoning                4
Comestibles
 d - 6 bread rations
 m - 9 royal jellies
 n - 5 meat rations


   Skills:
 + Level 4.1 Fighting
 - Level 14.0 Polearms
 - Level 4.0 Armour
 + Level 5.1 Dodging
 * Level 5.3 Spellcasting
 - Level 5.0 Hexes
 - Level 8.0 Charms
 - Level 3.0 Translocations


You had 12 spell levels left.
You knew the following spells:

 Your Spells              Type           Power        Failure   Level  Hunger
a - Infusion              Chrm           ####         3%          1    None
b - Shroud of Golubria    Chrm/Tloc      ####......   13%         2    #......
c - Spectral Weapon       Hex/Chrm       ####....     16%         3    ##.....
d - Song of Slaying       Chrm           #####...     5%          2    #......


Dungeon Overview and Level Annotations

Branches:
Dungeon (9/15)             Temple (1/1) D:6             Orc (0/2) D:9
   Lair: D:8-11

Altars:
Ashenzari
Cheibriados
Dithmenos
Elyvilon
Fedhas
Gozag
Hepliaklqana
Kikubaaqudgha
Makhleb
Nemelex Xobeh
Okawaru
Qazlal
Ru
Sif Muna
Trog
Uskayaw
Vehumet
Xom
Yredelemnul
Zin
The Shining One

Shops:
D:6 [


Innate Abilities, Weirdness & Mutations

You revert to your normal form in water.
You are very nimble and swift while swimming.
You are very stealthy in the water. (Stealth+)
Your mind is acute. (Int +2)
Armour fits poorly on your strangely shaped body.
Your spells are a little harder to cast, but a little more powerful.


Message History

There is a stone staircase leading down here.
Casting: Spectral Weapon
Confirm with . or Enter, or press ? or * to list all spells.
You draw out your weapon's spirit!
The white ugly thing barely misses you.
Casting: Spectral Weapon
Confirm with . or Enter, or press ? or * to list all spells.
You begin infusing your attacks with magical energy.
The white ugly thing tail-slaps you. The white ugly thing freezes you!!
* * * LOW HITPOINT WARNING * * *
The white ugly thing tail-slaps you.
* * * LOW HITPOINT WARNING * * *
The white ugly thing freezes you!!
* * * LOW HITPOINT WARNING * * *
You barely miss the white ugly thing.
Your spectral weapon barely misses the white ugly thing.
The white ugly thing tail-slaps you.
* * * LOW HITPOINT WARNING * * *
The white ugly thing freezes you!
You die...
Your body rises from the dead as a mindless zombie.

...#.#......)#
##.#.##......#####
#.#........))..(#
##.#############.#
.........# #.#
##[#####.# ##'#######
##.# #.# #........#
.(.#####.######..(.....#
...............u@......#
.#........######.....###
.#.#####..## #.....#
.#'#####...# #.....#
........[..# #.....#
......../..## #.#####
............# #.#
..........#.# #.#
........<.#.## #.#


You could see a white ugly thing and a friendly spectral trident.

Vanquished Creatures
  An unseen horror (D:7)
  Pikel (D:6)
  An elephant (D:8)
  A hippogriff (D:6)
  A wyvern (D:8)
  Eustachio (D:5)
  A human (D:7)
  4 hogs (D:7)
  A hungry ghost (D:8)
  Edmund (D:5)
  Menkaure (D:5)
  A water moccasin (D:8)
  5 orc warriors
  2 sky beasts
  2 phantoms
  A slave (D:6)
  A black bear (D:8)
  6 ogres
  A centaur (D:8)
  2 bullfrogs
  4 scorpions
  3 killer bees
  3 howler monkeys (D:8)
  2 crimson imps
  7 orc priests
  2 hounds
  11 orc wizards
  A quasit (D:6)
  A bullfrog skeleton (D:4)
  2 centaur zombies (D:6)
  A gnoll shaman (D:5)
  Ijyb (D:5)
  3 iguanas
  11 worker ants
  A hound zombie (D:7)
  A howler monkey zombie (D:7)
  Robin (D:3)
  A howler monkey skeleton (D:8)
  4 gnolls (D:5)
  7 adders
  A shadow imp (D:5)
  2 adder zombies
  5 worms
  3 dart slugs
  5 leopard geckos
  36 orcs
  4 giant cockroaches
  16 goblins
  13 hobgoblins
  8 jackals
  11 kobolds
  A quokka (D:5)
  2 ball pythons
  12 bats
  9 frilled lizards
  A goblin skeleton (D:9)
  2 hobgoblin zombies (D:9)
  An orc skeleton (D:9)
  3 orc zombies (D:9)
  7 rats
244 creatures vanquished.

Vanquished Creatures (others)
  Grinder (D:6)
  A scorpion (D:6)
  An orc wizard (D:6)
  A worker ant (D:6)
  An adder (D:6)
  A worm (D:6)
  A leopard gecko (D:6)
  An orc (D:6)
  A jackal skeleton (D:6)
  A jackal zombie (D:6)
  A leopard gecko zombie (D:6)
  2 spectral weapons
13 creatures vanquished.

Grand Total: 257 creatures vanquished

Notes
Turn   | Place    | Note
-------+----------+-------------------------------------------
     0 | D:1      | polve the Merfolk Skald began the quest for the Orb.
     0 | D:1      | Reached XP level 1. HP: 16/16 MP: 3/3
   198 | D:1      | Reached XP level 2. HP: 22/22 MP: 5/5
   202 | D:1      | Learned a level 2 spell: Shroud of Golubria
   507 | D:1      | Reached skill level 1 in Translocations
   658 | D:1      | Reached XP level 3. HP: 19/27 MP: 2/6
  1690 | D:2      | Reached XP level 4. HP: 33/33 MP: 7/7
  2807 | D:3      | Noticed Robin
  3071 | D:3      | Killed Robin
  3073 | D:3      | Got a shimmering helmet
  3091 | D:3      | Identified the +1 helmet of the Snail {Regen+ Str+7 SInv Stlth-} (You took it off Robin on level 3 of the Dungeon)
  3131 | D:3      | Reached XP level 5. HP: 32/38 MP: 2/8
  3283 | D:3      | Reached skill level 5 in Charms
  3290 | D:3      | Learned a level 3 spell: Spectral Weapon
  3293 | D:3      | Learned a level 2 spell: Song of Slaying
  3393 | D:3      | Reached skill level 1 in Hexes
  3396 | D:3      | Reached XP level 6. HP: 23/44 MP: 3/9
  3606 | D:3      | Found a stormy altar of Qazlal.
  3696 | D:3      | Reached skill level 4 in Polearms
  4016 | D:3      | Reached skill level 5 in Polearms
  4210 | D:4      | Found a radiant altar of Vehumet.
  4216 | D:4      | Reached XP level 7. HP: 48/50 MP: 5/10
  4326 | D:4      | Reached skill level 6 in Polearms
  4912 | D:5      | Entered Level 5 of the Dungeon
  4912 | D:5      | Noticed Ijyb
  4920 | D:5      | Killed Ijyb
  4978 | D:5      | Noticed Menkaure
  4994 | D:5      | Killed Menkaure
  4994 | D:5      | Reached skill level 7 in Polearms
  5191 | D:5      | Reached XP level 8. HP: 56/56 MP: 7/11
  5194 | D:5      | Noticed Edmund
  5204 | D:5      | Killed Edmund
  5204 | D:5      | Reached skill level 8 in Polearms
  5204 | D:5      | Reached skill level 5 in Hexes
  5734 | D:5      | Reached skill level 9 in Polearms
  5922 | D:5      | Noticed Eustachio
  5938 | D:5      | Killed Eustachio
  6257 | D:6      | Noticed Pikel
  6276 | D:6      | Killed Pikel
  6276 | D:6      | Reached skill level 10 in Polearms
  6276 | D:6      | Reached XP level 9. HP: 48/61 MP: 0/12
  6369 | D:6      | Noticed a hand axe
  6369 | D:6      | Noticed an enchanted dagger
  6477 | D:6      | Reached skill level 11 in Polearms
  6527 | D:6      | Reached skill level 1 in Armour
  6593 | D:6      | Killed Grinder
  6668 | D:6      | Found Cacur's Armour Shop.
  6685 | D:6      | Found a staircase to the Ecumenical Temple.
  6731 | Temple   | Entered the Ecumenical Temple
  6821 | Temple   | Became a worshipper of Yredelemnul the Dark
  7246 | D:6      | Found a hide-covered altar of Uskayaw.
  7472 | D:6      | Found a glowing silver altar of Zin.
  7690 | D:7      | Reached skill level 12 in Polearms
  7784 | D:7      | Noticed an unseen horror
  7803 | D:7      | Killed an unseen horror
  7803 | D:7      | Reached XP level 10. HP: 42/67 MP: 9/13
  7962 | D:7      | Found a stormy altar of Qazlal.
  7968 | D:7      | Reached * piety under Yredelemnul
  8218 | D:7      | Reached skill level 13 in Polearms
  8729 | D:7      | Found an iron altar of Okawaru.
  8893 | D:8      | Reached ** piety under Yredelemnul
  9259 | D:8      | Reached skill level 14 in Polearms
 10105 | D:9      | Noticed a white ugly thing
 10118 | D:9      | HP: 2/70 [white ugly thing (8)]
 10276 | D:9      | Found a staircase to the Orcish Mines.
 10556 | D:9      | Gained mutation: You can translocate small distances at will. [mutagenic meat]
 10557 | D:9      | Gained mutation: You have a somewhat thin skeletal structure. (Dex +2, Stealth) [mutagenic meat]
 10558 | D:9      | Gained mutation: You occasionally shout uncontrollably at your foes. [mutagenic meat]
 10559 | D:9      | Gained mutation: You are frail. (-10% HP) [mutagenic meat]
 10560 | D:9      | Gained mutation: You possess an exceptional clarity of mind. [mutagenic meat]
 10562 | D:9      | Lost mutation: You occasionally shout uncontrollably at your foes. [potion of mutation]
 10562 | D:9      | Gained mutation: You are occasionally teleported next to monsters. [potion of mutation]
 10562 | D:9      | Gained mutation: You are partially covered in yellow scales. (AC +2) [potion of mutation]
 10563 | D:9      | Lost mutation: You are frail. (-10% HP) [potion of mutation]
 10563 | D:9      | Lost mutation: You have a somewhat thin skeletal structure. (Dex +2, Stealth) [potion of mutation]
 10563 | D:9      | Lost mutation: You can translocate small distances at will. [potion of mutation]
 10563 | D:9      | Gained mutation: You are somewhat resistant to further mutation. [potion of mutation]
 10564 | D:9      | Lost mutation: You possess an exceptional clarity of mind. [potion of mutation]
 10564 | D:9      | Lost mutation: You are occasionally teleported next to monsters. [potion of mutation]
 10564 | D:9      | Lost mutation: You are somewhat resistant to further mutation. [potion of mutation]
 10564 | D:9      | Lost mutation: You are partially covered in yellow scales. (AC +2) [potion of mutation]
 10564 | D:9      | Gained mutation: Armour fits poorly on your strangely shaped body. [potion of mutation]
 10564 | D:9      | Gained mutation: Your mind is acute. (Int +2) [potion of mutation]
 10564 | D:9      | Gained mutation: Your spells are a little harder to cast, but a little more powerful. [potion of mutation]
 10617 | D:9      | Noticed an elephant
 10638 | D:8      | Killed an elephant
 10638 | D:8      | Reached skill level 5 in Spellcasting
 10639 | D:8      | Reached skill level 5 in Dodging
 10643 | D:8      | Reached XP level 11. HP: 37/77 MP: 15/18
 10728 | D:8      | Mangled by a white ugly thing

Skill      XL: |  1  2  3  4  5  6  7  8  9 10 |
---------------+-------------------------------+-----
Charms         | 4 5 7 8 |  8.0
Translocations | 1 2 3 |  3.0
Hexes          | 1 3 4 5 |  5.0
Polearms       | 5 7 10 12 14 | 14.0
Armour         | 3 4 |  4.0
Spellcasting   | 5 |  5.3
Dodging        | 5 |  5.1
Fighting       | 4 |  4.1

Action                   |  1- 3 |  4- 6 |  7- 9 | 10-12 || total
-------------------------+-------+-------+-------+-------++-------
Melee: Spear             |   146 |   213 |       |       ||   359
       Unarmed           |       |     4 |       |       ||     4
       Trident           |       |     9 |   263 |   304 ||   576
 Cast: Infusion          |    11 |    22 |    24 |    23 ||    80
       Spectral Weapon   |       |     2 |     4 |     4 ||    10
       Shroud of Golubri |       |       |     1 |     1 ||     2
  Use: Scroll            |       |       |       |     8 ||     8
       Potion            |       |       |       |     3 ||     3
 Stab: Sleeping          |     4 |       |       |       ||     4
       Distracted        |       |     1 |       |       ||     1
  Eat: Chunk             |     2 |    10 |    13 |    14 ||    39
       Fruit             |       |       |       |     4 ||     4
       Meat ration       |       |       |       |     1 ||     1
Armor: Leather armour    |    27 |    72 |    15 |       ||   114
       Chain mail        |       |       |    97 |   146 ||   243
Dodge: Dodged            |    93 |   177 |    98 |   109 ||   477
